 Dungeon Crawl Stone Soup version 0.24.0-13-gcf9b3192b9 (webtiles) character file.

Game seed: 10525296014176909891, levelgen mode: deterministic

57 OleJ the Ducker (level 3, -3/17 HPs)
             Began as a Felid Abyssal Knight on Nov 10, 2019.
             Was a Follower of Lugonu.
             Slain by an adder (5 damage)
             ... on level 4 of the Dungeon.
             The game lasted 00:07:10 (2375 turns).

OleJ the Ducker (Felid Abyssal Knight)              Turns: 2375, Time: 00:07:11

Health: -3/17      AC:  1    Str:  9    XL:     3   Next: 73%
Magic:  3/5        EV: 19    Int: 16    God:    Lugonu [*.....]
Gold:   117        SH:  0    Dex: 15    Spells: 1/2 levels left
                                        Lives:  0   Deaths: 1

rFire    x . .     SeeInvis +     - Unarmed
rCold    + . .     Gourm    .   (shield unavailable)
rNeg     . . .     Faith    .   (armour unavailable)
rPois    .         Spirit   .   (helmet unavailable)
rElec    .         Reflect  .   (cloak unavailable)
rCorr    .         Harm     .   (gloves unavailable)
MR       .....                  (boots unavailable)
Stlth    ++........             (no amulet)
HPRegen  0.05/turn              b - +3 ring of intelligence
MPRegen  0.09/turn              c - ring of ice

@: lethally poisoned (-3 -> -9), confusing touch, quick
A: very small, no armour, no weapons or thrown items, stealth, claws 1, fangs 3,
see invisible, carnivore, speed 1, shaggy fur 1, slow metabolism 1, sharp paws
a: Depart the Abyss, Renounce Religion


You were on level 4 of the Dungeon.
You worshipped Lugonu.
Lugonu was aware of your devotion.
You were full.

You visited 1 branch of the dungeon, and saw 3 of its levels.
You visited the Abyss 1 time.

You collected 117 gold pieces.

Inventory:

Jewellery
 b - a +3 ring of intelligence (left paw)
 c - a ring of ice (right paw)
Scrolls
 d - a scroll of enchant armour {unknown}
 e - a scroll of magic mapping {unknown}
 f - a scroll of identify {unknown}
 g - a scroll of random uselessness {unknown}
 h - a scroll of remove curse {unknown}
Potions
 i - a potion of resistance {unknown}
Comestibles
 a - 3 rations


   Skills:
 + Level 3.4 Fighting
 + Level 4.4 Dodging
 - Level 1.6 Stealth
 + Level 3.1 Unarmed Combat
 + Level 0.1 Spellcasting
 + Level 0.2 Hexes
 + Level 2.2 Invocations


You had one spell level left.
You knew the following spells:

 Your Spells              Type           Power        Failure   Level  Hunger
a - Confusing Touch       Hex            #.....       24%         1    ##.....

Your spell library contained the following spells:

 Spells                   Type           Power        Failure   Level  Hunger
 Confuse                  Hex            #.......     56%         3    ####...
 Gell's Gravitas          Tloc           #.........   58%         3    ####...
 Petrify                  Tmut/Erth      #.......     94%         4    #####..
 Metabolic Englaciation   Hex/Ice        #.........   100%        5    ######.
 Yara's Violent Unravell  Hex/Tmut       #.........   100%        5    ######.


Dungeon Overview and Level Annotations

Branches:
Dungeon (2/15)

Altars:
Okawaru
Yredelemnul
Lugonu


Innate Abilities, Weirdness & Mutations

You cannot wear armour.
You are incapable of wielding weapons or throwing items.
Your paws allow you to move quietly. (Stealth)
You have sharp claws.
You have razor-sharp teeth.
You have supernaturally acute eyesight. (SInv)
You are carnivorous and can eat meat at any time.
You cover ground quickly.
You are covered in fur. (AC +1)
You have a slow metabolism.
Your sharp claws are effective at attacking unaware monsters.


Message History

You are poisoned.
The adder poisons you!
You miss the adder.
The adder is lightly wounded.
You feel sick. The adder closely misses you. The adder barely misses you.
The worker ant twitches its antennae in your direction.
You feel sick.
You feel sick.
Casting: Confusing Touch (safe; 24% risk of failure)
Confirm with . or Enter, or press ? or * to list all spells.
Your paws begin to glow red.
The adder bites you.
* * * LOW HITPOINT WARNING * * *
You are lethally poisoned!
The adder poisons you! The worker ant misses you.
You can't grasp things well enough to throw them.
Casting: Confusing Touch (safe; 24% risk of failure)
Confirm with . or Enter, or press ? or * to list all spells.
Your paws begin to glow brighter.
The adder bites you.
You die...

#...######## #.#......... ..
#####.#....######..
#.................
>.###...........# ###
####.......################
##..)....##.....##.....##
#.......#..............##
#.......@S..............#
#........a>)............#
#......#................#
####รท#..................#
#)...................#
#############...................#
...>........##.................##
###########............##.....##
####......###########


You could see a worker ant and an adder.

Vanquished Creatures
  A hound zombie (D:4)
  5 adders
  3 dart slugs
  2 leopard geckos
  4 bats
  2 giant cockroaches (D:1)
  3 hobgoblins (D:1)
  3 jackals (D:1)
  2 kobolds (D:1)
  A ball python (D:2)
  6 frilled lizards
  4 goblins (D:1)
  A leopard gecko skeleton (D:4)
  5 rats
42 creatures vanquished.

Notes
Turn   | Place    | Note
-------+----------+-------------------------------------------
     0 | Abyss:1  | OleJ the Felid Abyssal Knight began the quest for the Orb.
     0 | Abyss:1  | Reached XP level 1. HP: 10/10 MP: 3/3
     6 | D:1      | Escaped the Abyss
   384 | D:1      | Reached XP level 2. HP: 14/14 MP: 4/4
   388 | D:1      | Reached * piety under Lugonu
   827 | D:1      | Reached skill level 1 in Stealth
   965 | D:1      | Reached XP level 3. HP: 15/17 MP: 5/5
  1215 | D:2      | Found an iron altar of Okawaru.
  1313 | D:2      | Found a basalt altar of Yredelemnul.
  1354 | D:2      | Reached skill level 4 in Dodging
  1851 | D:2      | You fall into a shaft and drop 2 floors!
  1852 | D:4      | Noticed a scorpion
  1890 | D:4      | Reached XP level 4. HP: 5/21 MP: 6/6
  2199 | D:4      | HP: 1/21 [ball python (1)]
  2200 | D:4      | Slain by a ball python
  2201 | D:4      | Reached XP level 3. HP: 0/17 MP: 5/5
  2241 | D:4      | Learned a level 1 spell: Confusing Touch
  2375 | D:4      | Slain by an adder

Levels and vault maps discovered:
D:1:      eino_arrival_water_cross, layout_rooms
D:2:      layout_rooms, nicolae_overflow_hidden_temple,
          chequers_temple_overflow_statue_of_worship,
          gammafunk_temple_overflow_statue, first_ration, okawaru_trees_2
D:4:      layout_rooms

Skill      XL: |  1  2  3  4 |
---------------+-------------+-----
Invocations    | 2 |  2.2
Stealth        | 1 |  1.6
Dodging        | 4 |  4.4
Unarmed Combat | 3 |  3.1
Fighting       | |  3.4
Spellcasting   | |  0.1
Hexes          | |  0.2

Action                   |  1- 3 |  4- 6 || total
-------------------------+-------+-------++-------
Melee: Unarmed           |   157 |    25 ||   182
       Bite              |    10 |     2 ||    12
       Punch             |     1 |       ||     1
 Cast: Confusing Touch   |     2 |       ||     2
Invok: Depart the Abyss  |     1 |       ||     1
  Use: Potion            |     3 |     2 ||     5
 Stab: Sleeping          |     3 |       ||     3
  Eat: Chunk             |    11 |       ||    11
Armor: Skin              |     7 |     1 ||     8
Dodge: Dodged            |   169 |    25 ||   194
